 Dungeon Crawl Stone Soup version 0.29-a0-997-gf6f7e2dfe7 (webtiles) character file.

Game seed: 18239581856556046135

296 Newt the Chopper (level 6, 0/40 (46) HPs)
             Began as a Demonspawn Gladiator on Aug 4, 2022.
             Was an Initiate of Okawaru.
             Slain by a wight
             ... wielding a +0 short sword
              (4 damage)
             ... on level 5 of the Dungeon.
             The game lasted 00:05:21 (2602 turns).

Newt the Chopper (Demonspawn Gladiator)             Turns: 2602, Time: 00:05:22

HP:   0/40 (46)     AC:  8    Str: 23    XL:     6   Next: 12%
MP:   6/6           EV: 13    Int:  9    God:    Okawaru [......]
Gold: 154           SH:  0    Dex: 14    Spells: 5/5 levels left

rFire   . . .      SeeInvis .   a - +1 war axe (vamp)
rCold   . . .      Faith    .   (no shield)
rNeg    + . .      Spirit   .   v - +0 scale mail
rPois   .          Reflect  .   c - +0 helmet
rElec   .          Harm     .   r - +0 cloak
rCorr   .          Rampage  .   (no gloves)
Will    .....                   (no boots)
Stlth   ..........              (no amulet)
HPRegen 0.13/turn               f - ring of positive energy
MPRegen 0.10/turn               j - +6 ring of strength

@: heavily drained
A: repulsion field 1, demonic magic 1, weakness stinger 2
a: Renounce Religion


You were on level 5 of the Dungeon.
You worshipped Okawaru.
Okawaru was noncommittal.
You visited 1 branch of the dungeon, and saw 5 of its levels.

You collected 154 gold pieces.

Inventory:

Hand Weapons
 a - a +1 vampiric war axe (weapon)
 x - the +5 quarterstaff "Nalet" {speed, rPois Int+3}
   (You found it on level 3 of the Dungeon)

   Attacks with this weapon are significantly faster.
   Int:       It affects your intelligence (+3).
   rPois:     It protects you from poison.
Missiles
 n - 5 poisoned darts (quivered)
 z - a javelin
Armour
 b - a +0 leather armour
 c - a +0 helmet (worn)
 m - a +0 ring mail
 r - a +0 cloak (worn)
 v - a +0 scale mail (worn)
Jewellery
 f - a ring of positive energy (left hand)
 g - a ring of protection from fire
 j - a +6 ring of strength (right hand)
 l - an amulet of the acrobat
 y - an amulet of magic regeneration
Wands
 o - a wand of flame (10)
Potions
 i - a potion of brilliance {unknown}
 k - a potion of invisibility {unknown}
 p - 2 potions of attraction
 q - a potion of lignification {unknown}
 s - a potion of heal wounds {unknown}
 t - a potion of ambrosia {unknown}


   Skills:
 + Level 2.6 Fighting
 + Level 4.5 Axes
 * Level 2.8 Throwing
 + Level 2.1 Armour
 + Level 3.3 Dodging
 + Level 0.4 Stealth


You had 5 spell levels left.
You didn't know any spells.
Your spell library contained the following spells:

 Spells                   Type           Power      Damage    Failure   Level
 Gell's Gravitas          Tloc           0%         N/A       97%         3
 Teleport Other           Tloc           0%         N/A       97%         3
 Alistair's Intoxication  Tmut/Pois      0%         N/A       100%        5
 Borgnjor's Vile Clutch   Necr/Erth      0%         N/A       100%        5
 Dispersal                Tloc           0%         N/A       100%        6
 Eringya's Noxious Bog    Tmut/Pois      0%         N/A       100%        6


Dungeon Overview and Level Annotations

Branches:
Dungeon (5/15)
 Temple: D:4-7

Altars:
Cheibriados
Okawaru
Ru


Innate Abilities, Weirdness & Mutations

You are surrounded by a mild repulsion field. (EV +2)
Spells you cast may paralyse adjacent enemies.
You have a tail ending in a sharp stinger.


Message History

The wight is severely damaged.
The wight closely misses you. x2
You closely miss the wight.
Your tail-slap misses the wight.
The wight is severely damaged.
You closely miss the wight. The wight barely misses you.
The wight hits you but does no damage.
You closely miss the wight. You punch the wight.
The wight is lightly damaged.
You hit the wight but do no damage.
The wight hits you with a +4 morningstar!
The wight hits you with a +0 short sword.
You partially resist.
You feel drained. The wight barely misses you.
The wight attacks as you move away! The wight misses you.
There is a stone staircase leading down here.
You can't go up here!
The wight completely misses you.
The wight hits you with a +4 morningstar.
You partially resist.
You feel drained. The wight closely misses you.
You climb downwards.
There is a stone staircase leading up here.
Unknown command.
You closely miss the wight.
The wight is severely damaged.
You barely miss the wight.
The wight hits you with a +0 short sword.
The wight barely misses you.
The wight hits you with a +0 short sword!
* * * LOW HITPOINT WARNING * * *
The wight completely misses you.
You completely miss the wight.
You tail-slap the wight, but do no damage.
The wight is severely damaged.
You hit the wight. The wight closely misses you.
The wight hits you but does no damage.
Unknown command.
You closely miss the wight.
The wight is severely damaged.
You hit the wight.
The wight hits you with a +0 short sword.
You die...

## ..##
#...##
###....<#
#.###.z......
#....@....).#
#####z##...##
#.# ## ...
#.# ... ...
...


You could see 2 wights.

Vanquished Creatures
  A phantom (D:4)
  A scorpion (D:4)
  A wight (D:4)
  5 adders
  A worm (D:3)
  8 ball pythons
  3 bats
  6 endoplasms
  5 giant cockroaches
  9 goblins
  5 hobgoblins
  4 jackals (D:2)
  10 kobolds
  3 quokkas
  2 frilled lizards (D:1)
  2 rats (D:1)
66 creatures vanquished.

Notes
Turn   | Place    | Note
-------+----------+-------------------------------------------
     0 | D:1      | Newt the Demonspawn Gladiator began the quest for the Orb.
     0 | D:1      | Reached XP level 1. HP: 16/16 MP: 1/1
   204 | D:1      | Gained mutation: You have a small tail. [demonic ancestry]
   204 | D:1      | Reached XP level 2. HP: 22/22 MP: 2/2
   272 | D:1      | Reached skill level 3 in Axes
   543 | D:1      | Found a faded altar of an unknown god.
   818 | D:2      | Gained mutation: You are surrounded by a mild repulsion
                  | field. (EV +2) [demonic ancestry]
   818 | D:2      | Reached XP level 3. HP: 21/27 MP: 3/3
  1265 | D:2      | Reached skill level 1 in Armour
  1426 | D:2      | Reached XP level 4. HP: 33/33 MP: 4/4
  1848 | D:3      | Found an iron altar of Okawaru.
  1903 | D:3      | Identified the +5 quarterstaff "Nalet" {speed, rPois Int+3}
  1922 | D:3      | Became a worshipper of Warmaster Okawaru
  1930 | D:3      | You fall into a shaft and drop 1 floor!
  2013 | D:4      | Found a sacrificial altar of Ru.
  2018 | D:4      | Noticed a scorpion
  2023 | D:4      | Killed a scorpion
  2024 | D:4      | Reached skill level 4 in Axes
  2024 | D:4      | Gained mutation: You have a tail ending in a sharp stinger.
                  | [demonic ancestry]
  2024 | D:4      | Reached XP level 5. HP: 36/39 MP: 5/5
  2043 | D:4      | Found a snail-covered altar of Cheibriados.
  2104 | D:4      | Noticed a phantom
  2119 | D:4      | Killed a phantom
  2299 | D:4      | Gained mutation: Spells you cast may paralyse adjacent
                  | enemies. [demonic ancestry]
  2299 | D:4      | Reached XP level 6. HP: 4/44 MP: 6/6
  2324 | D:5      | Entered Level 5 of the Dungeon
  2602 | D:5      | Slain by a wight

Illustrated notes

Levels and vault maps discovered:
D:1:      lemuel_arrival_funnel, layout_basic, ebering_ecumenical_altar_ruins
D:2:      minmay_chambers_of_ones, layout_loops_ring, kennysheep_nondescript
D:3:      layout_rooms, okawaru_trees_2
D:4:      layout_layer_cave, mainiacjoe_overflow_catwalk_spiral
D:5:      layout_loops_corners, minmay_temple_entry_gardened_gates,
          kennysheep_generic_room_4

Skill      XL: |  1  2  3  4  5 |
---------------+----------------+-----
Dodging        | 3 |  3.3
Axes           | 3 4 |  4.5
Throwing       | 2 |  2.8
Armour         | 1 2 |  2.1
Fighting       | |  2.6
Stealth        | |  0.4

Action                   |  1- 3 |  4- 6 || total
-------------------------+-------+-------++-------
Melee: War axe           |   113 |    74 ||   187
       Tailslap          |    10 |    12 ||    22
       Punch             |     1 |     5 ||     6
Throw: Dart              |       |     1 ||     1
       Javelin           |       |     1 ||     1
       Throwing net      |       |     3 ||     3
  Use: Scroll            |     4 |     6 ||    10
       Potion            |       |     1 ||     1
 Stab: Sleeping          |     2 |       ||     2
Armor: Leather armour    |    25 |       ||    25
       Ring mail         |    19 |     9 ||    28
       Scale mail        |       |    22 ||    22
Dodge: Dodged            |    94 |    61 ||   155

Table legend: (Time is in decaauts)
 A = Elapsed time spent in this place.
 B = Non-inter-level travel time spent in this place.
 C = Inter-level travel time spent in this place.
 D = Time resting spent in this place.
 E = Time spent auto-exploring this place.
 F = Levels seen in this place.
 G = Mean time per level.
                   A        B        C        D        E       F      G
               +--------+--------+--------+--------+--------+-----+--------+
         Total |   2662 |   2620 |     42 |    261 |   1783 |   5 |  532.4 |
       Dungeon |   2662 |   2620 |     42 |    261 |   1783 |   5 |  532.4 |
               +--------+--------+--------+--------+--------+-----+--------+

Top non-repeatable levels by time:
     D:2: 1068 daAuts
     D:1: 623 daAuts
     D:4: 417 daAuts
     D:3: 286 daAuts
     D:5: 266 daAuts
